 Dungeon Crawl Stone Soup version 0.16.2-12-gd0ad4c3 (webtiles) character file.

1479 Gartch the Covert (level 8, -1/36 HPs)
             Began as a Spriggan Enchanter on Oct 10, 2015.
             Slain by a wolf (6 damage)
             ... on level 9 of the Dungeon.
             The game lasted 02:05:40 (10603 turns).

Gartch the Covert (Spriggan Enchanter)             Turns: 10603, Time: 02:05:40

Health: -1/36      AC:  4    Str:  4    XL:     8   Next: 50%
Magic:  34/34      EV: 21    Int: 17    God:
Gold:   317        SH:  0    Dex: 18    Spells: 3 memorised, 13 levels left

rFire  . . .     SeeInvis +     a - +2 dagger
rCold  . . .     Clarity  .     b - +2 robe
rNeg   . . .     SustAb   .     (shield restricted)
rPois  .         Gourm    +     (helmet restricted)
rElec  .         Spirit   .     (no cloak)
rCorr  .         Warding  .     (gloves unavailable)
rMut   .         Stasis   .     (boots unavailable)
MR     +....                    w - amulet of the gourmand
Stlth  +++++.....               (no ring)
                                B - ring of magical power

@: about to teleport, very slightly contaminated, very quick, somewhat resistant
to hostile enchantments, quite stealthy
A: unfitting armour, see invisible, herbivore 3, speed 3, slow metabolism 2
a: no special abilities


You were on level 9 of the Dungeon.
You were not hungry.

You visited 1 branch of the dungeon, and saw 9 of its levels.

You collected 317 gold pieces.

Inventory:

Hand weapons
 a - a +2 dagger (weapon)
 h - the +7 dagger of Hadud {distort, Noisy +Rage Str+4 Int+2, unknown}
   (You found it on level 5 of the Dungeon)

   It warps and distorts space around it.
   Unwielding it can cause banishment or high damage.
   It affects your strength (+4).
   It affects your intelligence (+2).
   It lets you go berserk.
   It may make noises in combat.
 i - a +0 hunting sling
 m - a +0 dagger
 n - a +0 dagger of holy wrath
 o - a +2 dagger of electrocution
 C - a +0 dagger
 L - a +0 shortbow
Missiles
 e - 14 sling bullets
 f - 4 needles of slowing
 u - 19 arrows
 x - 11 bolts
Armour
 b - a +2 robe (worn)
 k - a +0 robe
 A - a cursed +0 robe
Jewellery
 w - an amulet of the gourmand (around neck)
 B - a ring of magical power (left hand)
 H - an uncursed ring of magical power
 O - an uncursed amulet of clarity {unknown}
Magical devices
 y - a wand of frost (5)
 E - a wand of confusion (17)
 J - a wand of magic darts (27)
Scrolls
 g - 2 scrolls of enchant armour
 j - 2 scrolls of identify
 l - 4 scrolls of teleportation
 t - 2 scrolls of recharging
 G - a scroll of magic mapping {unknown}
 I - a scroll of remove curse {unknown}
Potions
 p - 2 potions of mutation
 q - 2 potions of brilliance
 r - 3 potions of agility
 s - 3 potions of curing
 z - a potion of resistance
 D - a potion of ambrosia
 F - a potion of poison
 K - 2 potions of heal wounds
 M - a potion of degeneration {unknown}
 N - a potion of berserk rage {unknown}
 P - a potion of flight {unknown}
Books
 c - a book of Maledictions

   Spells                             Type                      Level
   a - Corona                         Hexes                        1
   b - Sure Blade                     Hexes/Charms                 2
   c - Ensorcelled Hibernation        Hexes/Ice                    2
   d - Confuse                        Hexes                        3
   e - Dazzling Spray                 Conjuration/Hexes            3
   f - Enslavement                    Hexes                        4
Comestibles
 d - 5 bread rations
 v - 2 fruits


   Skills:
 - Level 8.2 Short Blades
 - Level 5.2 Dodging
 - Level 9.2 Stealth
 + Level 6.0 Spellcasting
 - Level 3.6 Hexes


You had 13 spell levels left.
You knew the following spells:

 Your Spells              Type           Power        Failure   Level  Hunger
a - Corona                Hex            ###....      2%          1    None
b - Ensorcelled Hibernat  Hex/Ice        ##....       12%         2    None
c - Confuse               Hex            ###.....     10%         3    ##.....


Dungeon Overview and Level Annotations

Branches:
Dungeon (9/15)
 Temple: D:4-7         Lair: D:8-11         Orc: D:9-12

Altars:
Fedhas
Vehumet

Annotations:
D:3 Natasha, Terence
D:5 Edmund
D:6 Dowan, Duvessa
D:7 Prince Ribbit


Innate Abilities, Weirdness & Mutations

You are tiny and cannot use many weapons and most armour.
You have supernaturally acute eyesight.
You are a herbivore.
You cover ground extremely quickly.
You need consume almost no food.


Message History

You miscast Ensorcelled Hibernation.
You are very lightly contaminated with residual magic.
Frost spreads across the the floor.
The wolf bites you. The wolf bites you.
* * * LOW HITPOINT WARNING * * *
Casting: Ensorcelled Hibernation
Confirm with . or Enter, or press ? or * to list all spells.
Aiming: Ensorcelled Hibernation
Press: ? - help, Shift-Dir - straight line, f/p - wolf
Aim: a wolf (chance 42%)
The wolf resists with some effort.
The wolf bites you.
* * * LOW HITPOINT WARNING * * *
A sky beast comes into view.
Found 7 gold pieces.
An orc comes into view.
It is wielding a flail. 2 orcs and an orc warrior come into view. 2 orcs come into view.
The orc shouts!
As you read the scroll of teleportation, it crumbles to dust.
You feel strangely unstable. The wolf bites you.
You die...

#.........##.#
##.....<..##.#
#o##...####.#
.....o..# #.#
........#####.###
..<.....T....#..#
........)..##.#.#
.........##.#.#
..(.....@h..#.#
.........##$#.#
..............
...........##Y#
##8+8##...## .#


oooo #.#.# oo #.#.# . #.#.# #.# You could see a troll (wandering), an orc
warrior (wandering), a wolf and 5 orcs.

Vanquished Creatures
  A sky beast (D:5)
  2 centaurs
  An orc warrior (D:5)
  2 ogres
  A giant frog (D:6)
  2 scorpions
  3 wights
  A killer bee (D:8)
  A hound (D:6)
  A crimson imp (D:5)
  A centaur skeleton (D:5)
  2 giant frog skeletons
  3 orc wizards
  2 iguanas
  3 worker ants
  Ijyb (D:5)
  5 gnolls
  4 adders
  A giant mite (D:4)
  6 worms
  An adder skeleton (D:8)
  2 giant geckos
  16 orcs
  11 hobgoblins
  8 jackals
  3 ball pythons
  16 bats
  6 giant cockroaches
  A giant gecko skeleton (D:4)
  A giant newt (D:1)
  10 goblins
  10 kobolds
  A quokka zombie (D:5)
  16 rats
  4 ballistomycetes (D:5)
149 creatures vanquished.

Vanquished Creatures (others)
  A giant spore (D:5)
1 creature vanquished.

Grand Total: 150 creatures vanquished

Notes
Turn   | Place    | Note
--------------------------------------------------------------
     0 | D:1      | Gartch, the Spriggan Enchanter, began the quest for the Orb.
     0 | D:1      | Reached XP level 1. HP: 9/9 MP: 4/4
   394 | D:1      | Found a radiant altar of Vehumet.
   858 | D:1      | Reached XP level 2. HP: 13/13 MP: 8/8
   862 | D:1      | Learned a level 2 spell: Ensorcelled Hibernation
  1897 | D:1      | Reached XP level 3. HP: 13/16 MP: 12/12
  2851 | D:2      | Reached skill level 5 in Spellcasting
  2940 | D:1      | Reached XP level 4. HP: 9/21 MP: 14/17
  3401 | D:3      | Noticed Terence
  3798 | D:1      | Reached skill level 6 in Spellcasting
  4174 | D:2      | Reached skill level 5 in Stealth
  4520 | D:3      | Found a blossoming altar of Fedhas.
  4553 | D:3      | Reached XP level 5. HP: 24/24 MP: 20/20
  4870 | D:3      | Noticed Natasha
  6348 | D:4      | Reached XP level 6. HP: 28/28 MP: 22/22
  6445 | D:4      | Noticed an ogre
  6959 | D:5      | Entered Level 5 of the Dungeon
  7028 | D:5      | Got a faintly glowing dagger
  7401 | D:5      | Noticed Ijyb
  7552 | D:5      | Reached skill level 7 in Stealth
  8554 | D:5      | Learned a level 3 spell: Confuse
  8605 | D:5      | Noticed Edmund
  8628 | D:5      | Reached skill level 8 in Stealth
  8687 | D:6      | Noticed Dowan
  8722 | D:6      | Noticed Duvessa
  9132 | D:5      | Reached XP level 7. HP: 32/32 MP: 24/24
  9259 | D:5      | Reached skill level 5 in Dodging
  9450 | D:5      | Killed Ijyb
  9450 | D:5      | Reached skill level 5 in Short Blades
  9866 | D:5      | Reached skill level 9 in Stealth
  9866 | D:5      | Reached XP level 8. HP: 22/36 MP: 25/25
 10306 | D:7      | Noticed Prince Ribbit
 10569 | D:9      | Noticed a troll
 10603 | D:9      | Slain by a wolf

Action                   |  1- 3 |  4- 6 |  7- 9 || total
-------------------------+-------+-------+-------++-------
Melee: Dagger            |    79 |   396 |   159 ||   634
 Fire: Hunting sling     |     5 |       |       ||     5
 Cast: Ensorcelled Hiber |    16 |    53 |     9 ||    78
       Confuse           |       |     1 |    11 ||    12
  Use: Scroll            |       |    16 |     5 ||    21
 Stab: Sleeping          |    16 |    26 |     9 ||    51
       Distracted        |     1 |     3 |       ||     4
       Confused          |       |       |     9 ||     9
  Eat: Fruit             |       |     5 |     3 ||     8
